 Dungeon Crawl Stone Soup version 0.28-b1-25-g9875b3fc8c (webtiles) character file.

Game seed: 9617110548470134973

258 cayde69 the Skirmisher (level 6, 60/60 HPs)
             Began as a Hill Orc Fighter on Feb 2, 2022.
             Was a Follower of Jiyva.
             Quit the game on level 3 of the Dungeon.
             The game lasted 00:04:19 (2722 turns).

cayde69 the Skirmisher (Hill Orc Fighter)           Turns: 2722, Time: 00:04:20

Health: 60/60      AC: 10    Str: 21    XL:     6   Next: 16%
Magic:  6/6        EV:  9    Int:  8    God:    Jiyva [*.....]
Gold:   84         SH:  4    Dex: 10    Spells: 5/5 levels left

rFire   . . .      SeeInvis .   a - +0 war axe
rCold   . . .      Faith    .   c - +0 buckler
rNeg    . . .      Spirit   .   b - +0 scale mail
rPois   .          Reflect  .   (no helmet)
rElec   .          Harm     .   k - +0 cloak
rCorr   .          Rampage  .   d - +0 pair of gloves
Will    .....                   e - +0 pair of boots
Stlth   ..........              (no amulet)
HPRegen 1.00/turn               (no ring)
MPRegen 0.35/turn               (no ring)

@: no status effects
A: no striking features
a: Renounce Religion


You were on level 3 of the Dungeon.
You worshipped Jiyva.
Jiyva was aware of your devotion.
You visited 1 branch of the dungeon, and saw 3 of its levels.

You collected 84 gold pieces.

Inventory:

Hand Weapons
 a - a +0 war axe (weapon)
Armour
 b - a +0 scale mail (worn)
 c - a +0 buckler (worn)
 d - a +0 pair of gloves (worn)
 e - a +0 pair of boots (worn)
 k - a +0 cloak (worn)
Jewellery
 h - an amulet of reflection
Scrolls
 i - 3 scrolls of identify {unknown}
 o - a scroll of blinking {unknown}
 p - a scroll of fog {unknown}
Potions
 f - 2 potions of heal wounds {unknown}
 g - 2 potions of magic {unknown}
 j - a potion of curing {unknown}
 l - 2 potions of lignification {unknown}
 m - a potion of might
 n - a potion of cancellation {unknown}


   Skills:
 + Level 7.5 Fighting
 - Level 2.6 Axes
 - Level 3.2 Armour
 + Level 1.6 Dodging
 + Level 0.2 Stealth
 - Level 3.2 Shields


You had 5 spell levels left.
You didn't know any spells.
Your spell library contained the following spells:

 Spells                   Type           Power      Damage    Failure   Level
 Borgnjor's Revivificati  Necr           0%         N/A       100%        8
 Necromutation            Tmut/Necr      0%         N/A       100%        8
 Death's Door             Necr           0%         N/A       100%        9


Dungeon Overview and Level Annotations

Branches:
Dungeon (3/15)

Altars:
Jiyva


Message History

You hit the adder.
The adder is lightly wounded.
The adder bites you but does no damage. The adder closely misses you.
There are monsters nearby!
You hit the adder but do no damage. The adder bites you but does no damage.
The goblin hits you with a +0 dagger. You block the adder's attack.
There are monsters nearby!
You closely miss the adder. You hit the goblin but do no damage.
The adder bites you.
You are poisoned.
The adder poisons you! The goblin barely misses you.
There are monsters nearby!
You slash the adder!
The adder is almost dead.
You slash the goblin!
You kill the goblin!
You feel sick.
The adder bites you but does no damage. x2
An adder is nearby!
You hit the adder.
You kill the adder!
You feel sick.
You feel sick.
You are no longer poisoned.
Key pressed, stopping explore.
No target in view!
You see here an adder corpse.
Found a club.
No target in view!
o - a scroll labelled VIMAEL JUEXAC No target in view!
You now have 84 gold pieces (gained 7).
p - a scroll labelled BUTAETHR MUEBON No target in view!
There is a faded altar of an unknown god here.
You see here a +0 dagger.
You cannot tell which god this altar belongs to.
Convert to them anyway?
Jiyva accepts your prayer! Jiyva welcomes you!
Jiyva begins accelerating your health and magic regeneration.
Are you sure you want to abandon this character and quit the game? (Confirm with "yes".)

#..............
#...##.######..
#...##.## ##.###..#
#.# ##.###
#.###....#
..##...).##########
.# #.....#...>....#
#..@..#........##
#......†.......)#
#......)#...###.####
##......#.### #.....
######.#.# #####.
#...# #. #...# ##
#.#.# #. #####
#.#.### ##.


There were no monsters in sight!

Vanquished Creatures
  Sigmund (D:2)
  2 adders
  A worm (D:3)
  2 dart slugs
  4 bats
  10 endoplasms
  2 giant cockroaches (D:2)
  8 hobgoblins
  4 jackals (D:1)
  3 quokkas
  3 ball pythons
  A frilled lizard (D:1)
  8 goblins
  11 kobolds
  6 rats
66 creatures vanquished.

Notes
Turn   | Place    | Note
-------+----------+-------------------------------------------
     0 | D:1      | cayde69 the Hill Orc Fighter began the quest for the Orb.
     0 | D:1      | Reached XP level 1. HP: 19/19 MP: 1/1
    30 | D:1      | Reached skill level 4 in Fighting
   103 | D:1      | Reached XP level 2. HP: 27/27 MP: 2/2
   440 | D:1      | Reached XP level 3. HP: 25/35 MP: 3/3
   483 | D:1      | Reached skill level 5 in Fighting
  1824 | D:2      | Noticed Sigmund
  1834 | D:2      | Killed Sigmund
  1835 | D:2      | Reached skill level 7 in Fighting
  1835 | D:2      | Reached skill level 1 in Dodging
  1835 | D:2      | Reached XP level 4. HP: 35/47 MP: 4/4
  1835 | D:2      | Reached XP level 5. HP: 39/52 MP: 5/5
  2086 | D:2      | Reached XP level 6. HP: 60/60 MP: 6/6
  2637 | D:3      | Found a faded altar of an unknown god.
  2721 | D:3      | Prayed at the altar of an unknown god.
  2721 | D:3      | Became a worshipper of Jiyva Johuq the Shapeless
  2721 | D:3      | Reached * piety under Jiyva
  2722 | D:3      | Quit the game

Illustrated notes

Levels and vault maps discovered:
D:1:      dpeg_arrival_simpleton_b, layout_loops_ring
D:2:      layout_loops_corners, minmay_puff, uniq_sigmund
D:3:      layout_rooms, ebering_ecumenical_altar_sacrificial, nrook_uturn

Skill      XL: |  1  2  3 |
---------------+----------+-----
Fighting       | 4 7 |  7.5
Dodging        | 1 |  1.6
Axes           | |  2.6
Armour         | |  3.2
Stealth        | |  0.2
Shields        | |  3.2

Action                   |  1- 3 |  4- 6 || total
-------------------------+-------+-------++-------
Melee: War axe           |   114 |    57 ||   171
  Use: Potion            |     1 |       ||     1
Armor: Scale mail        |    55 |    34 ||    89
Dodge: Dodged            |    52 |    22 ||    74
Block: Buckler           |    23 |     6 ||    29
